Map: Dusk Towers

Players

LilDicky - Winner!

  • Race: Terran Terran
  • League: Diamond

Thome

  • Race: Terran Terran
  • League: Platinum

VOD

http://www.twitch.tv/tumescentpie

Description

Time

  • Played on: Jan. 2, 2016, 11:06 a.m.
  • Length: 10:00
Show
View Real Time Build Order
Export as new Build Order

LilDicky Terran - Winner!

Build Orders: Liberator Opening 

Get SALT Encoding   

  12  0:01  SCV  
  13  0:13  SCV  
  14  0:22  Supply Depot  
  14  0:25  SCV  
  15  0:37  Refinery  
  15  0:44  SCV  
  15  0:49  Barracks  
  16  0:56  SCV  
  17  1:09  SCV  
  18  1:21  SCV  
  18  1:25  Refinery  
  19  1:33  SCV  
  19  1:36  Marine  
  19  1:38  Supply Depot  
  21  1:45  Orbital Command  
  21  1:56  Marine  
  22  2:04  Factory  
  22  2:07  Supply Depot  
  22  2:11  SCV  
  22  2:14  Marine  
  24  2:23  SCV  
  25  2:32  Marine  
  26  2:38  SCV  
  26  2:40  Supply Depot  
  27  2:50  Factory Tech Lab, Starport, Marine  
  28  3:00  SCV  
  29  3:07  Marine  
  29  3:09  Liberator  
  29  3:12  Siege Tank  
  33  3:13  SCV  
  34  3:20  Supply Depot  
  34  3:25  SCV  
  38  3:31  Marine  
  38  3:32  Engineering Bay  
  39  3:37  SCV  
  40  3:45  Siege Tank  
  43  3:49  SCV  
  43  3:51  Supply Depot  
  43  3:53  Marine  
  45  4:05  Missile Turret  
  45  4:09  Viking  
  47  4:20  Siege Tank, Marine  
  47  4:21  SCV  
  52  4:27  Supply Depot  
  52  4:35  SCV  
  52  4:38  Marine  
  54  4:52  Siege Tank  
  57  4:55  Viking  
  58  5:00  Command Center  
  44  5:43  Orbital Command  
  43  6:22  Missile Turret  
  43  6:23  Missile Turret  
  39  6:59  Refinery x2  
  36  7:04  Starport Tech Lab  
  36  7:15  Missile Turret  
  35  7:36  Banshee  
  35  8:10  Cloaking Field  
  31  8:17  Command Center  
  31  8:47  Supply Depot  
  31  8:56  Supply Depot  
  31  9:16  Viking  
Show
View Real Time Build Order
Export as new Build Order

Thome Terran 

Build Orders: 1/1/1 

Get SALT Encoding   

  12  0:01  SCV  
  13  0:14  SCV  
  14  0:20  Supply Depot  
  14  0:26  Refinery  
  14  0:28  SCV  
  15  0:42  SCV  
  16  0:48  Barracks  
  16  0:54  SCV  
  17  1:03  Refinery  
  17  1:06  SCV  
  18  1:24  SCV  
  19  1:41  Orbital Command  
  19  1:45  Supply Depot, Factory  
  19  1:46  Marine  
  20  2:05  Marine  
  21  2:08  SCV  
  22  2:23  SCV  
  22  2:24  Marine  
  22  2:29  Starport  
  24  2:30  Factory Tech Lab  
  24  2:36  Supply Depot  
  24  2:45  SCV  
  24  2:51  Siege Tank  
  28  2:52  Marine  
  29  2:59  Supply Depot  
  29  3:02  SCV  
  30  3:06  Medivac  
  32  3:14  Marine  
  32  3:17  SCV  
  34  3:23  Siege Tank  
  37  3:32  Marine  
  38  3:36  Medivac  
  40  3:50  Marine  
  40  3:53  Command Center  
  40  3:55  SCV  
  42  4:12  Barracks Reactor  
  42  4:17  Siege Tank  
  42  4:24  Barracks  
  45  4:25  Barracks  
  45  4:30  Starport Reactor  
  45  4:32  Barracks  
  45  4:48  Marine x2  
  47  5:01  Siege Tank  
  46  5:16  Marine x2  
  46  5:20  Marine  
  49  5:31  Supply Depot  
  49  5:33  Supply Depot  
  49  5:35  Siege Tank  
  52  5:42  Viking x2  
  47  6:20  Liberator  
  42  7:06  Barracks  
  42  7:08  Refinery  
  42  7:09  Refinery  
  36  7:37  Marine  
  31  7:55  Marine  
  31  7:56  Orbital Command  
  29  8:06  Marine  
  22  8:24  Marine  
  14  8:50  Orbital Command  
  14  9:19  SCV  
  14  9:31  SCV  
Tags
 
Add a new tag
Caveats
  • Supply blocks, unpowered buildings, or Contaminate may cause inaccurate times.
  • Supply counts are checked every 10 seconds.